 Dungeon Crawl Stone Soup version 0.27-a0-637-g3a9f0a9c12 (webtiles) character file.

Game seed: 999661205878229215

27850 Johnny the Thaumaturge (level 13, 0/132 HPs)
             Began as a Deep Elf Earth Elementalist on Mar 15, 2021.
             Was the Champion of Okawaru.
             Slain by an ogre
             ... wielding a +0 giant club
              (15 damage)
             ... on level 1 of the Orcish Mines.
             The game lasted 00:22:17 (14433 turns).

Johnny the Thaumaturge (DEEE)                      Turns: 14433, Time: 00:22:17

Health: 0/132      AC: 26    Str: 11    XL:     13   Next: 6%
Magic:  4/33       EV:  2    Int: 26    God:    Okawaru [******]
Gold:   531        SH:  0    Dex: 15    Spells: 27/40 levels left

rFire    . . .     SeeInvis .   q - +4 mace (venom)
rCold    . . .     Faith    .   (no shield)
rNeg     + + +     Spirit   .   (armour currently unavailable)
rPois    +         Reflect  .   (helmet currently unavailable)
rElec    .         Harm     .   (cloak currently unavailable)
rCorr    .         Rampage  .   (gloves currently unavailable)
Will     +....     NoTele   +   (boots currently unavailable)
Stlth    ++........             i - amulet of magic regeneration
HPRegen  0.32/turn              a - ring of poison resistance
MPRegen  0.48/turn              C - +6 ring of strength

@: tree-form, attractive, studying Unarmed Combat
A: stationary, stasis, torment immunity, boosted hp
a: Renounce Religion, Heroism, Finesse


You were on level 1 of the Orcish Mines.
You worshipped Okawaru.
Okawaru was exalted by your worship.
You were a tree.
You visited 3 branches of the dungeon, and saw 16 of its levels.
You also visited: Gauntlet.

You collected 718 gold pieces.
You spent 187 gold pieces at shops.

Inventory:

Hand Weapons
 d - a +2 demon trident of venom
 q - a +4 mace of venom (weapon)
Missiles
 b - 175 stones (quivered)
Armour
 e - a +2 helmet of see invisible (melded)
 l - a +0 pair of gloves of dexterity (melded)
 n - a +4 troll leather armour (melded) {Purgy}
 y - a +1 helmet of intelligence
 L - quicksilver dragon scales
Jewellery
 a - a ring of poison resistance (right branch)
 g - a ring of ice
 i - an amulet of magic regeneration (around neck)
 x - a ring of fire
 C - a +6 ring of strength (left branch)
 I - the amulet "Ozicry Kitea" {Reflect Int+3 Dex+3 SH+5 Stlth-}
   (You found it in a Gauntlet)

   [amulet of reflection]

   It shields you and reflects attacks.
   It affects your intelligence (+3).
   It affects your dexterity (+3).
   It affects your SH (+5).
   It makes you less stealthy.
Wands
 u - a wand of polymorph (11)
 z - a wand of flame (33)
 J - a wand of mindburst (11)
 K - a wand of iceblast (5)
Scrolls
 c - 2 scrolls of magic mapping
 f - 5 scrolls of fog
 m - 10 scrolls of teleportation
 p - 2 scrolls of noise
 w - a scroll of fear
Potions
 h - 3 potions of cancellation
 j - a potion of flight
 o - 7 potions of curing
 r - a potion of heal wounds
 s - 2 potions of berserk rage
 t - a potion of degeneration
 B - a potion of experience {unknown}
 E - 3 potions of might
 F - a potion of ambrosia {unknown}
 G - a potion of mutation {unknown}
 H - 2 potions of brilliance


   Skills:
 * Level 13.0 Fighting
 - Level 2.4 Dodging
 - Level 2.4 Stealth
 + Level 14.2 Spellcasting
 - Level 1.1 Transmutations
 + Level 12.4 Earth Magic


You had 27 spell levels left.
You knew the following spells:

 Your Spells              Type           Power      Damage    Failure   Level
a - Sandblast             Erth           100%       2d20      1%          1
b - Stone Arrow           Conj/Erth      100%       3d13      1%          3
c - Lee's Rapid Deconstr  Erth           35%        3d19*     1%          5
d - Petrify               Tmut/Erth      52%        N/A       1%          4

Your spell library contained the following spells:

 Spells                   Type           Power      Damage    Failure   Level
 Passwall                 Tmut/Erth      43%        N/A       1%          2
 Sting                    Tmut/Pois      84%        1d7       2%          1
 Statue Form              Tmut/Erth      34%        N/A       28%         6
 Fulminant Prism          Conj/Hex       9%         3d7       30%         4
 Irradiate                Conj/Tmut      10%        3d17      54%         5
 Hydra Form               Tmut           12%        N/A       96%         6
 Eringya's Noxious Bog    Tmut/Pois      10%        N/A       98%         6
 Starburst                Conj/Fire      9%         8x6d5     99%         6
 Dragon Form              Tmut           12%        N/A       100%        7
 Orb of Destruction       Conj           9%         9d4       100%        7
 Spellforged Servitor     Conj/Summ      9%         N/A       100%        7


Dungeon Overview and Level Annotations

Branches:
Dungeon (14/15)            Temple (1/1) D:6            Lair (0/6) D:9
    Orc (1/2) D:11        Gauntlet (visited)
 Vaults: D:13-14

Altars:
Ashenzari
Cheibriados
Dithmenos
Elyvilon
Fedhas
Gozag
Hepliaklqana
Kikubaaqudgha
Makhleb
Nemelex Xobeh
Okawaru
Qazlal
Ru
Sif Muna
Trog
Uskayaw
Vehumet
Wu Jian
Xom
Yredelemnul
Zin
The Shining One

Shops:
D:6 ?   D:9 [

Portals:
Trove: D:14 (give 14 potions of heal wounds)


Message History

The iron shot hits you!! The orc hits you but does no damage. x2
The orc wizard hits you but does no damage.
The orc barely misses you. The orc hits you but does no damage.
Jorgrun points at you and mumbles some strange words.
The iron shot hits you!!!
* * * LOW HITPOINT WARNING * * *
An ogre comes into view. It is wielding a +0 giant spiked club.
You hear a shout!
The ogre is pulled toward you!
Casting: Lee's Rapid Deconstruction (mildly dangerous; 1% risk of failure)
Confirm with . or Enter, or press ? or * to list all spells.
Aiming: Lee's Rapid Deconstruction (mildly dangerous; 1% risk of failure)
Press: ? - help, Dir - move target A rock wall.
The wall shatters!
The blast of rock fragments hits the ogre!
The ogre is heavily wounded.
The blast of rock fragments hits Jorgrun!!
You kill Jorgrun!
Okawaru is honoured by your kill.
The blast of rock fragments hits the orc!
You kill the orc!
Okawaru accepts your kill.
You hear a howl!
The orc hits you but does no damage.
The orc wizard hits you but does no damage.
An ogre comes into view. It is wielding a +0 giant club.
The orc hits you but does no damage. The ogre is pulled toward you! x2
Your Fighting skill increases to level 13!
You have reached level 13!
Unknown command.
As you read the scroll of torment, it crumbles to dust.
You feel a surge of unholy energy.
The orc wizard convulses!
The ogre convulses!
The orc convulses!
The ogre convulses!
The orc convulses!
The ogre convulses!
The ogre shouts!
You hear a shout!
The ogre hits you but does no damage. The orc hits you but does no damage.
The orc wizard hits you but does no damage.
The orc hits you but does no damage. The ogre hits you with a +0 giant club!
You die...

### ##
###.###.##
##.... ...#
#....##..#
#.oo....###.
#♣o........
#OO........
##O#.......
##)........
#..........
###.....#...
#.o..#.#.# .
#..g..#....#
.............#..


You could see 3 ogres, an orc wizard and 2 orcs.

Vanquished Creatures
  Jorgrun (Orc:1)
  A minotaur (Gauntlet)
  A hydra (D:12)
  2 two-headed ogres
  Urug (D:11)
  A glowing orange brain (Gauntlet)
  A wizard (D:14)
  A manticore (D:13)
  7 ugly things
  3 cyclopes
  3 centaur zombies
  A gargoyle (D:9)
  An efreet (D:14)
  2 komodo dragons
  4 trolls
  7 slime creatures
  A blink frog (shapeshifter) (D:14)
  2 shadows
  A centaur simulacrum (D:12)
  2 wraiths
  A vampire (D:9)
  2 basilisks
  4 wyverns
  9 yaks
  Grum (D:11)
  A warg (Orc:1)
  4 vampire mosquitoes (D:14)
  3 acid dragons
  6 ice beasts
  6 orc warriors
  A black bear (D:6)
  9 ogres
  Purgy (D:3)
  5 sky beasts
  A wolf (D:11)
  5 boggarts (D:14)
  8 centaurs
  4 phantoms
  12 bullfrogs
  A gnoll sergeant (D:9)
  A wyvern skeleton (D:6)
  6 scorpions
  9 killer bees
  14 wights
  4 howler monkeys
  A quasit (D:14)
  3 bullfrog zombies
  6 hounds
  8 jellies
  9 orc priests
  2 centaur skeletons
  A gnoll shaman (D:7)
  Jessica (D:3)
  2 bullfrog skeletons
  6 iguanas
  20 orc wizards
  12 worker ants
  A killer bee zombie (D:9)
  A mummy (D:8)
  A worker ant zombie (D:9)
  10 gnolls
  9 adders
  2 howler monkey skeletons
  2 shadow imps
  3 white imps
  4 ufetubi
  4 worms
  3 dart slugs
  2 leopard geckos
  65 orcs
  A bat zombie (D:2)
  6 giant cockroaches
  8 goblins
  5 hobgoblins
  6 jackals (D:5)
  4 kobolds
  8 quokkas
  3 ball pythons
  9 bats
  6 frilled lizards
  A leopard gecko skeleton (D:5)
  A quokka skeleton (D:4)
  8 rats
  2 rat zombies (D:2)
  2 toadstools (D:1)
409 creatures vanquished.

Vanquished Creatures (collateral kills)
  A warg (D:11)
  A wolf (D:11)
  An orc priest (D:11)
  An adder (D:11)
  A gnoll (D:9)
5 creatures vanquished.

Vanquished Creatures (others)
  A killer bee (D:11)
  2 toadstools (D:1)
3 creatures vanquished.

Grand Total: 417 creatures vanquished

Notes
Turn   | Place    | Note
-------+----------+-------------------------------------------
     0 | D:1      | Johnny the Deep Elf Earth Elementalist began the quest for
                  | the Orb.
     0 | D:1      | Reached XP level 1. HP: 10/10 MP: 6/6
   336 | D:1      | Reached XP level 2. HP: 12/16 MP: 8/8
   416 | D:1      | Found a broken altar of Ashenzari.
   441 | D:1      | Reached skill level 1 in Fighting
  1346 | D:1      | Reached XP level 3. HP: 20/20 MP: 10/10
  2388 | D:2      | Found an ancient bone altar of Kikubaaqudgha.
  2450 | D:2      | Reached XP level 4. HP: 13/26 MP: 8/11
  2631 | D:2      | Reached skill level 4 in Spellcasting
  3092 | D:3      | Noticed Jessica
  3099 | D:3      | Killed Jessica
  3100 | D:3      | Reached XP level 5. HP: 26/31 MP: 11/13
  3516 | D:3      | Noticed Purgy
  3570 | D:3      | Killed Purgy
  4054 | D:4      | Noticed an ogre
  4057 | D:4      | Reached XP level 6. HP: 37/37 MP: 12/15
  4066 | D:4      | Reached skill level 5 in Spellcasting
  4126 | D:4      | Reached skill level 5 in Earth Magic
  4134 | D:4      | Reached XP level 7. HP: 42/43 MP: 7/17
  4239 | D:4      | Learned a level 3 spell: Stone Arrow
  4245 | D:4      | Learned a level 5 spell: Lee's Rapid Deconstruction
  4250 | D:4      | Learned a level 4 spell: Petrify
  4369 | D:4      | Reached skill level 6 in Spellcasting
  4502 | D:4      | Found a sacrificial altar of Ru.
  4660 | D:4      | Found an iron altar of Okawaru.
  4663 | D:4      | Found a glowing silver altar of Zin.
  4663 | D:4      | Found a hazy altar of Hepliaklqana.
  4665 | D:4      | Found a shimmering altar of Xom.
  4665 | D:4      | Found a hazy altar of Hepliaklqana.
  4665 | D:4      | Found an ornate altar of the Wu Jian Council.
  4712 | D:5      | Entered Level 5 of the Dungeon
  4756 | D:5      | Found a broken altar of Ashenzari.
  4787 | D:5      | Reached skill level 5 in Fighting
  4944 | D:5      | Reached XP level 8. HP: 44/49 MP: 17/20
  5042 | D:5      | Found a shimmering blue altar of Sif Muna.
  5150 | D:5      | Reached skill level 7 in Spellcasting
  5631 | D:6      | Reached skill level 8 in Spellcasting
  5744 | D:6      | Reached XP level 9. HP: 46/56 MP: 23/23
  5829 | D:6      | Found Fedghath's Magic Scroll Shop.
  5833 | D:6      | Bought a scroll of identify for 22 gold pieces
  5833 | D:6      | Bought 2 scrolls of fear for 77 gold pieces
  5833 | D:6      | Bought a scroll of teleportation for 33 gold pieces
  5833 | D:6      | Bought a scroll of fog for 22 gold pieces
  5833 | D:6      | Bought a scroll of teleportation for 33 gold pieces
  5922 | D:6      | Found a staircase to the Ecumenical Temple.
  5933 | Temple   | Entered the Ecumenical Temple
  6115 | Temple   | Became a worshipper of Warmaster Okawaru
  6399 | D:7      | Found a burning altar of Makhleb.
  6800 | D:7      | Reached * piety under Okawaru
  6801 | D:7      | Reached skill level 9 in Spellcasting
  7915 | D:8      | Found a snail-covered altar of Cheibriados.
  7963 | D:8      | Noticed a two-headed ogre
  7973 | D:8      | Killed a two-headed ogre
  7973 | D:8      | Reached ** piety under Okawaru
  7974 | D:8      | Reached skill level 10 in Spellcasting
  7974 | D:8      | Reached XP level 10. HP: 59/65 MP: 5/26
  8537 | D:9      | Noticed a gargoyle
  8541 | D:9      | Killed a gargoyle
  8575 | D:9      | Found Seuckuap's Armour Boutique.
  8637 | D:9      | Reached *** piety under Okawaru
  8940 | D:9      | Found a bloodstained altar of Trog.
  9103 | D:9      | Reached skill level 11 in Spellcasting
  9139 | D:9      | Found a stormy altar of Qazlal.
  9207 | D:9      | Reached **** piety under Okawaru
  9258 | D:9      | Reached skill level 10 in Fighting
  9343 | D:9      | Found a staircase to the Lair.
  9630 | D:10     | Entered Level 10 of the Dungeon
  9888 | D:10     | Reached XP level 11. HP: 72/72 MP: 19/28
 10197 | D:10     | Reached skill level 10 in Earth Magic
 10391 | D:11     | Noticed Grum
 10413 | D:11     | Noticed a two-headed ogre
 10504 | D:11     | Killed a two-headed ogre
 10504 | D:11     | Reached ***** piety under Okawaru
 10755 | D:11     | Killed Grum
 10768 | D:11     | Found a staircase to the Orcish Mines.
 10782 | D:11     | Noticed Urug
 10790 | D:11     | Noticed a two-headed ogre
 10932 | D:11     | Identified Gemiosch's Volume of Changing
 11149 | D:11     | Killed Urug
 11150 | D:11     | Reached skill level 12 in Spellcasting
 11354 | D:12     | Identified the +3 leather armour of Failure {rF- rCorr
                  | MP+9}
 11379 | D:12     | Received a gift from Okawaru
 11423 | D:12     | Noticed a white ugly thing
 11423 | D:12     | Noticed a five-headed hydra
 11424 | D:12     | Found the +7 sceptre of Torment {pain, torment}
 11433 | D:12     | Killed a five-headed hydra
 11437 | D:12     | Killed a white ugly thing
 11828 | D:12     | Noticed a red ugly thing
 11837 | D:12     | Killed a red ugly thing
 12117 | D:13     | Received a gift from Okawaru
 12118 | D:13     | Reached XP level 12. HP: 67/80 MP: 1/30
 12535 | D:13     | Reached skill level 13 in Spellcasting
 13248 | D:14     | Found a portal to a secret trove of treasure.
 13330 | D:14     | Found a gate leading to a gauntlet.
 13360 | Gauntlet | Entered a Gauntlet
 13360 | Gauntlet | Found a transporter.
 13360 | Gauntlet | Found a transporter.
 13360 | Gauntlet | Found a transporter.
 13363 | Gauntlet | Noticed a tengu warrior
 13417 | Gauntlet | Found a transporter.
 13417 | Gauntlet | Found a transporter.
 13417 | Gauntlet | Found a transporter.
 13419 | Gauntlet | Found a large runed translucent door.
 13420 | Gauntlet | Found a large runed translucent door.
 13421 | Gauntlet | Found a large runed translucent door.
 13421 | Gauntlet | Found a large runed translucent door.
 13421 | Gauntlet | Found a runed translucent door.
 13421 | Gauntlet | Found a runed translucent door.
 13422 | Gauntlet | Found a large runed translucent door.
 13422 | Gauntlet | Found a large runed translucent door.
 13422 | Gauntlet | Found a large runed translucent door.
 13422 | Gauntlet | Found a large runed translucent door.
 13423 | Gauntlet | Found a large runed translucent door.
 13423 | Gauntlet | Found a large runed translucent door.
 13424 | Gauntlet | Found a large runed translucent door.
 13424 | Gauntlet | Found a large runed translucent door.
 13425 | Gauntlet | Found a runed translucent gate.
 13425 | Gauntlet | Found a runed translucent gate.
 13425 | Gauntlet | Found a runed translucent gate.
 13427 | Gauntlet | Found a transporter.
 13431 | Gauntlet | Found a transporter.
 13446 | Gauntlet | Found a transporter.
 13446 | Gauntlet | Found a transporter.
 13446 | Gauntlet | Noticed a hell beast
 13468 | Gauntlet | Found a transporter.
 13470 | Gauntlet | Found a transporter.
 13536 | Gauntlet | Found a large runed translucent door.
 13536 | Gauntlet | Found a large runed translucent door.
 13539 | Gauntlet | Found a large runed translucent door.
 13539 | Gauntlet | Found a large runed translucent door.
 13837 | Gauntlet | Identified the amulet "Ozicry Kitea" {Reflect Int+3 Dex+3
                  | SH+5 Stlth-}
 13869 | Gauntlet | Noticed a minotaur
 13877 | Gauntlet | Killed a minotaur
 13877 | Gauntlet | Reached ****** piety under Okawaru
 13877 | Gauntlet | Received a gift from Okawaru
 13900 | Gauntlet | Identified the Almanac of Harmful Stones
 14213 | D:14     | Reached skill level 14 in Spellcasting
 14227 | D:14     | Noticed a boulder beetle
 14227 | D:14     | Noticed an ironbound preserver
 14342 | Orc:1    | Entered Level 1 of the Orcish Mines
 14411 | Orc:1    | Noticed Jorgrun
 14432 | Orc:1    | Killed Jorgrun
 14433 | Orc:1    | Reached XP level 13. HP: 14/88 MP: 3/33
 14433 | Orc:1    | Slain by an ogre

Illustrated notes

Levels and vault maps discovered:
D:1:      ldierk_water_garden, layout_basic, ashenzari_altar_1
D:2:      layout_basic, lemuel_zombie_altar_kikubaaqudgha
D:3:      layout_basic, minmay_misc_feat_square, uniq_jessica, uniq_purgy
D:4:      layout_cave_pools, doesnt_xom_only_xom, nicolae_ru_awakened_eye,
          serial_park
D:5:      layout_basic, lemuel_doored_altar, basic_altar
D:6:      layout_basic, minmay_temple_entry_fiery, serial_rivers,
          chequers_serial_rivers_small_a, chequers_serial_rivers_small_b,
          chequers_serial_rivers_micro_d, chequers_serial_rivers_small_b,
          chequers_serial_rivers_micro_c, serial_shops,
          nicolae_shop_behind_doors, minmay_misc_feat_more_columns
D:7:      layout_basic, general_overflow_altar, columned_hall_lemuel,
          minmay_door_square, eino_small_chamber_without_monster
D:8:      layout_basic, slow_altar_1
D:9:      layout_long_grid, grunt_qazlal_sundering, erik_lair_dragon,
          serial_shops, shop, trog_butcher_becter
D:10:     layout_roguey
D:11:     layout_cave_pools, erik_orc_4, kb_lookout_dungeons_type, uniq_urug,
          uniq_grum
D:12:     layout_roguey, minmay_misc_feat_chi
D:13:     layout_stronghold
D:14:     layout_loops_ring, skrybe_vaults_entry_preservation,
          gauntlet_entry_generic, serial_park_tiny_1, enter_trove_3,
          chequers_mini_garden
Temple:   eino_narrow_crystal_temple
Orc:1:    layout_caves, mines4_lemuel, uniq_jorgrun

Skill      XL: |  1  2  3  4  5  6  7  8  9 10 11 12 |
---------------+-------------------------------------+-----
Fighting       | 1 2 3 4 5 6 8 10 11 13 | 13.0
Spellcasting   | 4 5 6 8 10 11 12 14 | 14.2
Earth Magic    | 4 5 6 7 8 9 11 12 | 12.4
Dodging        | |  2.4
Stealth        | |  2.4
Transmutations | |  1.1

Action                   |  1- 3 |  4- 6 |  7- 9 | 10-12 | 13-15 || total
-------------------------+-------+-------+-------+-------+-------++-------
Melee: Unarmed           |     9 |       |       |       |       ||     9
       Short sword       |   127 |    23 |       |       |       ||   150
       Mace              |       |       |   169 |   172 |       ||   341
 Cast: Sandblast         |    18 |    60 |    53 |    62 |       ||   193
       Stone Arrow       |       |       |    66 |   165 |       ||   231
       Lee's Rapid Decon |       |       |     4 |    97 |       ||   101
       Petrify           |       |       |       |    12 |       ||    12
Evoke: Wand              |       |       |       |    23 |       ||    23
  Use: Potion            |       |       |     4 |     4 |       ||     8
       Scroll            |       |       |    12 |    15 |     1 ||    28
 Stab: Sleeping          |     4 |     1 |     6 |     2 |       ||    13
       Distracted        |       |       |     1 |       |       ||     1
       Petrified         |       |       |       |     5 |       ||     5
Armor: Robe              |    33 |     7 |       |       |       ||    40
       Troll leather arm |       |     3 |   134 |   146 |       ||   283
       Skin              |       |       |       |    35 |     3 ||    38
Dodge: Dodged            |   110 |    31 |   168 |   200 |       ||   509

Table legend: (Time is in decaauts)
 A = Elapsed time spent in this place.
 B = Non-inter-level travel time spent in this place.
 C = Inter-level travel time spent in this place.
 D = Time resting spent in this place.
 E = Time spent auto-exploring this place.
 F = Levels seen in this place.
 G = Mean time per level.
                   A        B        C        D        E       F      G
               +--------+--------+--------+--------+--------+-----+--------+
         Total |  14606 |  14152 |    454 |   1685 |   9587 |  17 |  859.2 |
       Dungeon |  13787 |  13346 |    441 |   1483 |   9233 |  14 |  984.8 |
        Temple |    190 |    177 |     13 |      0 |    175 |   1 |  190.0 |
  Orcish Mines |     43 |     43 |      0 |      0 |      0 |   1 |   43.0 |
      Gauntlet |    584 |    584 |      0 |    202 |    179 |   1 |  584.0 |
               +--------+--------+--------+--------+--------+-----+--------+

Top non-repeatable levels by time:
     D:2: 1579 daAuts
     D:1: 1455 daAuts
     D:9: 1227 daAuts
    D:13: 1142 daAuts
     D:7: 1065 daAuts
     D:3: 1030 daAuts
     D:8: 998 daAuts
    D:12: 895 daAuts
    D:10: 837 daAuts
     D:6: 823 daAuts
    D:11: 810 daAuts
     D:5: 711 daAuts
     D:4: 665 daAuts
Gauntlet: 584 daAuts
    D:14: 545 daAuts
